 Dungeon Crawl Stone Soup version 0.27-a0-1299-g1ab19c6527 (webtiles) character file.

Game seed: 14651898220656260351

47 mordus the Shield-Bearer (level 3, -1/29 HPs)
             Began as a Formicid Fighter on June 16, 2021.
             Slain by an adder (4 damage)
             ... on level 1 of the Dungeon.
             The game lasted 00:01:19 (1326 turns).

mordus the Shield-Bearer (Formicid Fighter)         Turns: 1326, Time: 00:01:20

Health: -1/29      AC:  7    Str: 21    XL:     3   Next: 97%
Magic:  3/3        EV:  8    Int:  7    God:
Gold:   107        SH:  9    Dex: 10    Spells: 2/2 levels left

rFire    . . .     SeeInvis +   a - +0 long sword
rCold    . . .     Faith    .   c - +0 kite shield
rNeg     . . .     Spirit   .   b - +0 scale mail
rPois    .         Reflect  .   (helmet unavailable)
rElec    .         Harm     .   (no cloak)
rCorr    .         Rampage  .   (no gloves)
Will     .....                  (no boots)
Stlth    ..........             (no amulet)
HPRegen  0.09/turn              (no ring)
MPRegen  0.08/turn              (no ring)

@: no status effects
A: permanent stasis, dig shafts and tunnels, antennae 3, four strong arms
a: Dig, Shaft Self


You were on level 1 of the Dungeon.
You visited 1 branch of the dungeon, and saw 2 of its levels.

You collected 107 gold pieces.

Inventory:

Hand Weapons
 a - a +0 long sword (weapon)
Armour
 b - a +0 scale mail (worn)
 c - a +0 kite shield (worn)
Scrolls
 e - 3 scrolls of enchant weapon {unknown}
 f - a scroll of acquirement {unknown}
 g - a scroll of fear {unknown}
Potions
 d - a potion of might


   Skills:
 - Level 3.2 Fighting
 * Level 3.1 Long Blades
 + Level 3.7 Armour
 + Level 4.1 Shields


You had 2 spell levels left.
You didn't know any spells.
Your spell library was empty.

Dungeon Overview and Level Annotations

Branches:
Dungeon (2/15)

Altars:


Innate Abilities, Weirdness & Mutations

You cannot be hasted, slowed, berserked, paralysed or teleported.
You can dig through walls and to a lower floor.
You have a pair of large antennae on your head. (SInv)
Your four strong arms can wield two-handed weapons with a shield.


Message History

Robin is lightly wounded.
An adder comes into view.
Robin throws the goblin at you! The goblin completely misses you.
You hit Robin.
Robin is heavily wounded.
You block Robin's attack. The goblin hits you with a +0 club.
The hobgoblin barely misses you.
You riposte.
You hit the hobgoblin.
You kill the hobgoblin!
You block Robin's attack. The goblin hits you but does no damage.
You hit Robin but do no damage.
Robin is heavily wounded.
Robin hits you but does no damage. The goblin barely misses you.
You slash Robin!
You kill Robin!
You block the goblin's attack.
You miss the adder. The adder bites you.
You are poisoned.
The adder poisons you! The goblin hits you with a +0 club.
The adder bites you but does no damage. The goblin closely misses you.
You riposte.
You closely miss the goblin.
You are too injured to fight recklessly!
You are too injured to fight recklessly!
Unknown command.
You feel sick.
There is a stone staircase leading up, spattered with blood here.
You feel sick. You block the adder's attack. The adder closely misses you.
You climb upwards.
You feel sick.
You are no longer poisoned.
There is a stone staircase leading down here.
You hit the adder.
The adder is heavily wounded.
The adder bites you.
* * * LOW HITPOINT WARNING * * *
You closely miss the adder.
The adder is heavily wounded.
The adder bites you but does no damage. You block the adder's attack.
Your shield prevents you from hitting the adder.
The adder is heavily wounded.
The adder bites you.
You die...

#.#######.# #.#
#......##.#########.#
#......##...........#
#......############## ##
#............############ .#
#.###........##.........# .#
#.###........##.#######.#
+####...'.........#.........#
.......##......†@S..........#
.......+........()...#####..#
.......###+######..........##
.......'........#..........###
.......###.####.#............#
.......'...# #.#....#.###.#.#
.......##### #.#....#.# #.#.#
.......# #.#....#.###.#.#
.......# #.#..........#.#


You could see an adder.

Vanquished Creatures
  Robin (D:2)
  An adder (D:1)
  A dart slug (D:1)
  2 endoplasms (D:1)
  A giant cockroach (D:1)
  5 goblins
  7 hobgoblins
  A quokka (D:1)
  A frilled lizard (D:1)
  A kobold (D:1)
  2 rats (D:1)
23 creatures vanquished.

Vanquished Creatures (others)
  A plant (D:2)
1 creature vanquished.

Grand Total: 24 creatures vanquished

Notes
Turn   | Place    | Note
-------+----------+-------------------------------------------
     0 | D:1      | mordus the Formicid Fighter began the quest for the Orb.
     0 | D:1      | Reached XP level 1. HP: 18/18 MP: 1/1
   137 | D:1      | Reached XP level 2. HP: 24/24 MP: 2/2
  1091 | D:2      | Noticed Robin
  1296 | D:1      | Reached skill level 4 in Shields
  1296 | D:1      | Reached XP level 3. HP: 24/29 MP: 3/3
  1319 | D:2      | Killed Robin
  1326 | D:1      | Slain by an adder

Illustrated notes

Levels and vault maps discovered:
D:1:      sevenhm_arrival_forest_fort_small_5, layout_basic, minmay_tetromino_s4
D:2:      layout_basic, chequers_ecumenical_altar_simple, serial_bayou_ford_a,
          serial_bayou_pond_c, uniq_robin

Skill      XL: |  1  2  3 |
---------------+----------+-----
Shields        | 4 |  4.1
Long Blades    | 3 |  3.1
Fighting       | |  3.2
Armour         | |  3.7

Action                   || total
-------------------------++-------
Melee: Long sword        ||    52
Armor: Scale mail        ||    28
Dodge: Dodged            ||    31
Block: Kite shield       ||    37
       Rpst.: Long sword ||    15

Table legend: (Time is in decaauts)
 A = Elapsed time spent in this place.
 B = Non-inter-level travel time spent in this place.
 C = Inter-level travel time spent in this place.
 D = Time resting spent in this place.
 E = Time spent auto-exploring this place.
 F = Levels seen in this place.
 G = Mean time per level.
                   A        B        C        D        E       F      G
               +--------+--------+--------+--------+--------+-----+--------+
         Total |   1356 |   1345 |     11 |    316 |    883 |   2 |  678.0 |
       Dungeon |   1356 |   1345 |     11 |    316 |    883 |   2 |  678.0 |
               +--------+--------+--------+--------+--------+-----+--------+

Top non-repeatable levels by time:
     D:1: 1308 daAuts
     D:2: 48 daAuts
